Construct Section Command Post
Selects Air and Sea Battlegroup
Construct Field Infirmary
Construct Platoon Command Post
Selects Commando Section Paradrop
Selects Commando Support Section Paradrop
6-pounder Anti-tank Gun Team
Commando Support Section Paradrop
6-pounder Anti-tank Gun Team
Commando Section Paradrop
Construct Company Command Post
Selects Anti-tank Rocket Loiter
Unlock Towed 17-pounder Anti-tank Guns